 Dungeon Crawl Stone Soup version 0.21-a0-38-g95c5c02 (webtiles) character file.

23 HAL9000 the Ruffian (level 2, -1/23 HPs)
             Began as a Draconian Transmuter on May 29, 2017.
             Slain by Jessica (5 damage)
             ... on level 2 of the Dungeon.
             The game lasted 00:01:28 (800 turns).

HAL9000 the Ruffian (Draconian Transmuter)           Turns: 800, Time: 00:01:29

Health: -1/23      AC:  4    Str: 12    XL:     2   Next: 75%
Magic:  1/5        EV: 11    Int: 13    God:
Gold:   118        SH:  3    Dex: 11    Spells: 2/5 levels left

rFire    . . .     SeeInvis .     - Unarmed
rCold    . . .     Gourm    .   j - +0 buckler
rNeg     . . .     Faith    .   (armour unavailable)
rPois    .         Spirit   .   (helmet restricted)
rElec    .         Reflect  .   (no cloak)
rCorr    .         Harm     .   (no gloves)
MR       .....                  (boots currently unavailable)
Stlth    +.........             (no amulet)
Regen    0.1/turn               (no ring)
MPRegen  0.1/turn               (no ring)

@: appendage, slowed, very slow
A: unfitting armour, talons 3, cold-blooded, AC +4
a: End Transformation


You were on level 2 of the Dungeon.
You were not hungry.
You had grown temporary talons.
You visited 1 branch of the dungeon, and saw 2 of its levels.

You collected 118 gold pieces.

Inventory:

Missiles
 a - 9 arrows
Armour
 j - a +0 buckler (worn)
Scrolls
 d - 2 scrolls of identify {unknown}
 h - a scroll of fog {unknown}
 i - a scroll of magic mapping {unknown}
 k - a scroll of teleportation {unknown}
 l - a scroll of random uselessness {unknown}
 m - a scroll of amnesia {unknown}
 n - a scroll of remove curse {unknown}
Books
 b - a book of Changes

   Spells                             Type                      Level
   a - Beastly Appendage              Transmutation                1
   b - Sticks to Snakes               Transmutation                2
   c - Spider Form                    Transmutation/Poison         3
   d - Ice Form                       Ice/Transmutation            4
   e - Blade Hands                    Transmutation                5
Comestibles
 c - 3 bread rations
 f - a royal jelly
 g - 2 fruits


   Skills:
 - Level 1.1 Fighting
 - Level 1.7 Dodging
 + Level 1.1 Shields
 + Level 3.2 Unarmed Combat
 - Level 2.0 Spellcasting
 * Level 2.7 Transmutations


You had 2 spell levels left.
You knew the following spells:

 Your Spells              Type           Power        Failure   Level  Hunger
a - Beastly Appendage     Tmut           #.....       12%         1    ##.....
b - Sticks to Snakes      Tmut           #.......     19%         2    ###....


Dungeon Overview and Level Annotations

Branches:
Dungeon (2/15)

Altars:

Annotations:
D:2 Jessica


Innate Abilities, Weirdness & Mutations

Your plain brown scales are hard. (AC +4)
You cannot fit into any form of body armour.
You are cold-blooded and may be slowed by cold attacks.
You have claws for feet.


Message History

Okay, then.
Jessica closely misses your ball python.
Your ball python bites Jessica.
Your ball python barely misses Jessica.
Jessica gestures at you while chanting.
Your ball python writhes in agony!
Your ball python dies!
Casting: Sticks to Snakes
Confirm with . or Enter, or press ? or * to list all spells.
Your feet morph into talons.
Jessica gestures at you while chanting.
You feel yourself slow down. Jessica closely misses you.
Jessica hits you but does no damage.
You hit Jessica but do no damage.
Jessica is severely wounded.
Jessica misses you.
You barely miss Jessica. You claw Jessica.
Jessica is severely wounded.
Jessica looks very angry.
Jessica hits you.
You die...

#..###### #@#
#.......# #.#
##.####.# #.# #.#
#.# #.# #.# #.#
#.## #.#
#.####..####.# #.#
#............#
#.########.#.######
#.@@.......#.#
##########.#.#
#.#.#
#######.#.######
#......)........
##.#..#.##.#####.
......#.......##.
#...........#..#.
...#.......#......


You could see Jessica.

Vanquished Creatures
  An adder (D:2)
  2 dart slugs
  A leopard gecko (D:1)
  A goblin (D:1)
  A hobgoblin (D:1)
  A bat (D:2)
  A frilled lizard (D:1)
  2 kobolds (D:1)
10 creatures vanquished.

Notes
Turn   | Place    | Note
-------+----------+-------------------------------------------
     0 | D:1      | HAL9000 the Draconian Transmuter began the quest for the Orb.
     0 | D:1      | Reached XP level 1. HP: 16/16 MP: 3/3
   237 | D:1      | Reached XP level 2. HP: 23/23 MP: 3/5
   241 | D:1      | Learned a level 2 spell: Sticks to Snakes
   709 | D:2      | Reached skill level 1 in Shields
   736 | D:2      | Noticed Jessica
   800 | D:2      | Slain by Jessica

Vault maps used:
D:1:      minmay_arrival_nine_rooms
D:2:      st_stairs_3, minmay_misc_feat_more_columns, uniq_jessica

Skill      XL: |  1  2 |
---------------+-------+-----
Shields        | 1 |  1.1
Fighting       | |  1.1
Dodging        | |  1.7
Unarmed Combat | |  3.2
Spellcasting   | |  2.0
Transmutations | |  2.7

Action                   || total
-------------------------++-------
Melee: Unarmed           ||    37
       Tailslap          ||     3
       Headbutt          ||     1
       Punch             ||     1
       Kick              ||     1
 Cast: Beastly Appendage ||    10
       Sticks to Snakes  ||     3
 Stab: Distracted        ||     1
Armor: Skin              ||    13
Dodge: Dodged            ||    20
Block: Buckler           ||     3
